[Event "Late-Titled-Tuesday-Blitz-July-09-2024"]
[Site "Chess.com"]
[Date "2024.07.09"]
[Round "1"]
[White "carokannlover213"]
[Black "EternalNight8"]
[Result "1-0"]
[WhiteElo "2707"]
[BlackElo "2386"]
[TimeControl "180+1"]
[EndTime "14:06:03 PDT"]
[Termination "carokannlover213 won by resignation"]

1. Nf3 Nf6 2. d4 g6 3. Bf4 Bg7 4. h3 d5 5. e3 O-O 6. Nbd2 c5 7. dxc5 Qa5 8. Bd3 Qxc5 9. O-O Nh5 10. Be5 Nc6 11.
Bxg7 Nxg7 12. e4 Rd8 13. exd5 Qxd5 14. Bc4 Qa5 15. Qe2 Be6 16. c3 Qc7 17. Ng5 Bxc4 18.
Nxc4 Rd7 19. Qf3 e6 20. Ne4 Ne8 21. Ne3 Ne5 22. Qg3 Nd3 23. Qh4 Qf4 24. Ng4 f5 25. Nef6+ Kh8 26. Nxd7 fxg4 27. Qxg4 Qd6 28. Qd4+ Qxd4 29.
cxd4 Rd8 30. Nc5 Nxc5 31. dxc5 Nc7 32. Rad1 Nd5 33. Rfe1 Re8 34. Rxd5 1-0

[Event "Late-Titled-Tuesday-Blitz-July-09-2024"]
[Site "Chess.com"]
[Date "2024.07.09"]
[Round "1"]
[White "Meri-Arabidze"]
[Black "OverallStranger"]
[Result "1-0"]
[WhiteElo "2689"]
[BlackElo "2372"]
[TimeControl "180+1"]
[EndTime "14:06:03 PDT"]
[Termination "Meri-Arabidze won on time"]

1. d4 Nf6 2. c4 e6 3. Nc3 Bb4 4. f3 d5 5. a3 Be7 6. e4 dxc4 7. Bxc4 c5 8. Nge2 Nc6 9. dxc5 Qxd1+ 10. Kxd1 Bxc5 11.
b4 Be7 12. Bf4 e5 13. Be3 Be6 14. Bxe6 fxe6 15. Kc2 Kf7 16. Kb3 a5 17. b5 Nb8 18.
Na4 Nbd7 19. Rac1 Rac8 20. Rhd1 Rhd8 21. Ng3 g6 22. Nf1 Ne8 23. Nd2 Nc7 24. Nc4 Nxb5 25.
Rxd7 Rxd7 26. Nxe5+ Kg7 27. Rxc8 Rd1 28. Nc3 Nxa3 29.
Rc7 Re1 30. Bd4 Kf8 31. Rxb7 Rh1 32. Rb8+ Kg7 33. Nc6+ Kf7 34. Rb7 1-0

[Event "Late-Titled-Tuesday-Blitz-July-09-2024"]
[Site "Chess.com"]
[Date "2024.07.09"]
[Round "1"]
[White "chipmunknau"]
[Black "Nekoo04"]
[Result "1-0"]
[WhiteElo "2711"]
[BlackElo "2394"]
[TimeControl "180+1"]
[EndTime "14:06:04 PDT"]
[Termination "chipmunknau won by resignation"]

1. d4 d5 2. c4 dxc4 3. Nf3 Nf6 4.
e3 Bg4 5. Bxc4 e6 6. h3 Bh5 7. Qb3 Bxf3 8. gxf3 c5 9. Qxb7 Nbd7 10. dxc5 Bxc5 11.
Nc3 O-O 12. Qb3 Rb8 13. Qc2 Rc8 14. Ba6 Rc6 15. Bb5 Rb6 16. Bd2 Ne5 17. Be2 Rd6 18.
O-O-O Bb4 19. Kb1 Qa5 20. f4 Nc6 21. a3 Bxc3 22. Bxc3 Rxd1+ 23. Rxd1 Qb6 24. Rg1 Kh8 25. Bf3 Ne7 26. Qa4 Qc5 27. Qd4 Qf5+ 28. Ka1 Rg8 29. Rg5 Qc2 30. Qxf6 gxf6 31. Bxf6+ Rg7 32. Rxg7 Ng8 33.
Bc3 f6 34. Rxa7 Qxf2 35. Be4 Qf1+ 36. Bb1 1-0

[Event "Late-Titled-Tuesday-Blitz-July-09-2024"]
[Site "Chess.com"]
[Date "2024.07.09"]
[Round "1"]
[White "JAN2404"]
[Black "Niktlt"]
[Result "1-0"]
[WhiteElo "2086"]
[BlackElo "2536"]
[TimeControl "180+1"]
[EndTime "14:06:07 PDT"]
[Termination "JAN2404 won by resignation"]

1. e4 c5 2. d4 cxd4 3. c3 dxc3 4. Nxc3 Nc6 5. Nf3 g6 6. Bc4 Bg7 7. Qb3 Na5 8. Bxf7+ Kf8 9. Qd5 Nf6 10. Qg5 Kxf7 11.
e5 h6 12. Qf4 g5 13. Qg3 Ne8 14. h4 e6 15. hxg5 hxg5 16. Nxg5+ Kg8 17. Rxh8+ Kxh8 18. Nf7+ Kg8 19. Nxd8 Nc6 20. Qg6 Nc7 21. Bh6 1-0

[Event "Late-Titled-Tuesday-Blitz-July-09-2024"]
[Site "Chess.com"]
[Date "2024.07.09"]
[Round "1"]
[White "Fraler15"]
[Black "Statham_01"]
[Result "0-1"]
[WhiteElo "2339"]
[BlackElo "2666"]
[TimeControl "180+1"]
[EndTime "14:06:08 PDT"]
[Termination "Statham_01 won by resignation"]

1. d4 d5 2. c4 Nc6 3. Nc3 dxc4 4.
Nf3 Nf6 5. e4 Bg4 6. Be3 e6 7.
Bxc4 Bb4 8. Qc2 O-O 9. Rd1 Bh5 10. a3 Bxc3+ 11. bxc3 Qe7 12. Bg5 h6 13. Bh4 e5 14.
d5 Nb8 15. Be2 Nbd7 16. a4 Nc5 17. Nd2 Bxe2 18. Kxe2 a5 19. f3 Ra6 20. Rhe1 Qd7 21. Bxf6 Rxf6 22. Ra1 Rg6 23. Kf1 f5 24. Kg1 f4 25.
Kh1 b6 26. c4 Rg5 27. Re2 h5 28. Nf1 Rf6 29. Rf2 Rfg6 30. Nd2 h4 31. Nb3 h3 32. Rg1 Qxa4 33. Nxc5 hxg2+ 0-1

[Event "Late-Titled-Tuesday-Blitz-July-09-2024"]
[Site "Chess.com"]
[Date "2024.07.09"]
[Round "1"]
[White "glucolisis04"]
[Black "pooh2012"]
[Result "0-1"]
[WhiteElo "2299"]
[BlackElo "2627"]
[TimeControl "180+1"]
[EndTime "14:06:08 PDT"]
[Termination "pooh2012 won by resignation"]

1. d4 Nf6 2. c4 e6 3. Nc3 Bb4 4. e3 O-O 5. Ne2 d5 6. a3 Bd6 7. c5 Be7 8. Nf4 a5 9. Bd3 b6 10.
cxb6 cxb6 11. O-O Ba6 12. Bxa6 Nxa6 13. Bd2 Qd7 14. Qe2 Nc7 15. Nd3 Bd6 16. Ne5 Qe8 17.
f4 b5 18. Rf3 b4 19. Nd1 Ne4 20. Rh3 f6 21. Nd3 Qb5 22. N1f2 Rfc8 23. a4 Qe8 24. Nxe4 dxe4 25. Nc5 Bxc5 26. dxc5 Nd5 27. Qc4 Qg6 28. Rg3 Qf5 29. c6 Rc7 30. Rc1 Rac8 31. Qb5 Ne7 32. Qxa5 Qxa5 0-1

[Event "Late-Titled-Tuesday-Blitz-July-09-2024"]
[Site "Chess.com"]
[Date "2024.07.09"]
[Round "1"]
[White "DanielDardha2005"]
[Black "Bugcrusher"]
[Result "1-0"]
[WhiteElo "2901"]
[BlackElo "2473"]
[TimeControl "180+1"]
[EndTime "14:06:09 PDT"]
[Termination "DanielDardha2005 won by resignation"]

1. d4 e6 2. c4 Nf6 3. g3 d5 4.
Bg2 dxc4 5. Qa4+ Bd7 6. Qxc4 Bc6 7. Nf3 Bd5 8. Qd3 Be4 9. Qd2 c5 10. Nc3 Bc6 11. O-O Nbd7 12. Rd1 Be7 13. Ne5 Nxe5 14. dxe5 Nd7 15. Bxc6 bxc6 16. f4 Qc7 17. Qc2 O-O 18.
Be3 Nb6 19. Ne4 Nd5 20. Bxc5 Bxc5+ 21. Qxc5 Rab8 22. b3 Rb7 23. Nd6 Rb6 24. e4 Nb4 25. f5 Na6 26. Qe3 Rb4 27. a3 Qb6 28. Rd3 Qxe3+ 29.
Rxe3 Rd4 30. Rc1 c5 31. Nb5 Rd2 32. Nxa7 Ra2 33. Nb5 Rd8 34. Nd6 exf5 35. exf5 f6 36. Nc4 fxe5 37. Rxe5 Rd3 38. Re8+ Kf7 39. Ra8 Nc7 40.
Ra7 Rd7 41. Ne5+ 1-0

[Event "Late-Titled-Tuesday-Blitz-July-09-2024"]
[Site "Chess.com"]
[Date "2024.07.09"]
[Round "1"]
[White "zsoltkorpics"]
[Black "OparinGrigoriy"]
[Result "0-1"]
[WhiteElo "2506"]
[BlackElo "3004"]
[TimeControl "180+1"]
[EndTime "14:06:11 PDT"]
[Termination "OparinGrigoriy won by resignation"]

1. e4 c5 2. Nf3 Nc6 3. d4 cxd4 4. Nxd4 e5 5. Nb5 d6 6. N1c3 a6 7. Na3 Be6 8. Nc4 Rb8 9. Ne3 Nf6 10. Bd3 g6 11.
O-O Bh6 12. Ned5 Bxc1 13. Qxc1 Bxd5 14. Nxd5 Nxd5 15. exd5 Ne7 16. c4 f5 17. Qh6 Kf7 18. Rae1 Ng8 19. Qd2 Nf6 20. Rc1 b6 21. c5 bxc5 22.
Bxa6 Qb6 23. Bc4 Qxb2 24. Rc2 Qb4 25. Qd3 Rb7 26. Bb3 Rhb8 27. Rc4 Qa5 28. Ra4 Qc7 29.
h3 Rb4 30. Ra6 c4 31. Rc6 cxd3 32. Rxc7+ Kf8 33. f3 Rd4 34. Rc6 d2 35. Rd1 Ke7 36. Rc7+ Kd8 37. Rf7 Nxd5 38. Bxd5 Rxd5 39. Rxh7 Rb2 40.
Kf2 Rxa2 41. Rg7 Rc2 42. Rxg6 Ke7 43. h4 Kf7 44. h5 e4 45. fxe4 fxe4 46. g4 Rc1 47.
Ke2 Rxd1 48. Kxd1 e3 0-1

[Event "Late-Titled-Tuesday-Blitz-July-09-2024"]
[Site "Chess.com"]
[Date "2024.07.09"]
[Round "1"]
[White "RantomOpening"]
[Black "johnmez"]
[Result "1/2-1/2"]
[WhiteElo "2602"]
[BlackElo "2283"]
[TimeControl "180+1"]
[EndTime "14:06:11 PDT"]
[Termination "Game drawn by repetition"]

1. Nc3 d5 2. e4 e6 3. d3 Nf6 4. Nf3 Nc6 5. g3 dxe4 6. Nxe4 Nxe4 7. dxe4 Qxd1+ 8. Kxd1 Bc5 9. Ke2 e5 10. c3 O-O 11.
Be3 Bd6 12. Kd2 Bg4 13. Be2 Rad8 14. Kc2 f5 15. exf5 Bxf5+ 16. Kc1 Be4 17. Bg5 Rde8 18. Re1 Bxf3 19. Bc4+ Kh8 20. Be3 Bg4 21. b4 Be6 22. Bd3 Ne7 23. Bd2 Rxf2 24. Re2 Rxe2 25. Bxe2 Rf8 26. Be3 Nd5 27. Bxa7 Nxc3 28. Bd3 e4 29.
Bc2 Rf1+ 30. Kb2 Rxa1 31. Kxa1 b6 32. a4 Bxb4 33. Bb8 Bd6 34. Kb2 Nd5 35. Bxe4 Nf6 36. Bc6 Bd5 37. Bb5 g6 38. Kc3 Kg7 39. Kd4 Bb7 40.
Ke3 Bc5+ 41. Ke2 Bd6 42. Ke3 Nd5+ 43. Kd4 Nf6 44. Ke3 1/2-1/2

[Event "Late-Titled-Tuesday-Blitz-July-09-2024"]
[Site "Chess.com"]
[Date "2024.07.09"]
[Round "1"]
[White "i_like_explosions"]
[Black "IsaqueGoncalvesSanto"]
[Result "1-0"]
[WhiteElo "2522"]
[BlackElo "1693"]
[TimeControl "180+1"]
[EndTime "14:06:11 PDT"]
[Termination "i_like_explosions won on time"]

1. d4 d5 2. c4 e6 3. cxd5 exd5 4.
Nc3 Nf6 5. Bg5 c6 6. Qc2 Bb4 7. e3 O-O 8. Bd3 h6 9. Bh4 Re8 10. Ne2 a5 11. O-O Be7 12. Bg3 Nbd7 13. Nb5 cxb5 14.
Bc7 b4 15. Bxd8 Bxd8 16. Bb5 Rf8 17. Nf4 Nb6 18. Rfc1 Be6 19. Nxe6 fxe6 20. f3 Nc8 21. Qxc8 Rxc8 22. Rxc8 Be7 23. Rxf8+ Kxf8 24. Rc1 Bd6 25. g3 Ke7 26. b3 Kd8 27. Kf2 Bc7 28. h4 Bb6 29. g4 Ng8 30. Ke2 Ne7 31. Kd3 Ng6 32. Rh1 Ke7 33. h5 Nf8 34. e4 Nh7 35. e5 Ng5 36.
Rf1 Kd8 37. Ke3 Kc7 38. Bd3 Kd7 39. Bg6 Bd8 40. f4 Nh3 41. Rh1 Nxf4 42. Kxf4 Bg5+ 43. Kg3 b5 44. Rf1 Kc6 45. Rf7 a4 46. Rxg7 axb3 47.
axb3 Be3 48. Be8+ Kb6 49. Rg6 Bxd4 50. Rxe6+ Kc7 51. g5 hxg5 52. h6 1-0

[Event "Late-Titled-Tuesday-Blitz-July-09-2024"]
[Site "Chess.com"]
[Date "2024.07.09"]
[Round "1"]
[White "mishanick"]
[Black "GiorgianBarbosa"]
[Result "1-0"]
[WhiteElo "3113"]
[BlackElo "2514"]
[TimeControl "180+1"]
[EndTime "14:06:12 PDT"]
[Termination "mishanick won on time"]

1. d4 Nf6 2. c4 e6 3. Nc3 d5 4. cxd5 exd5 5. Bf4 Bd6 6. Bxd6 Qxd6 7. e3 O-O 8. Bd3 b6 9. Nf3 c5 10. h3 Nc6 11. dxc5 bxc5 12. O-O Be6 13. Rc1 Rab8 14. b3 Rfd8 15. Qe2 Ne5 16. Rfd1 Nxf3+ 17. Qxf3 Qe5 18. Na4 c4 19. bxc4 dxc4 20. Bxc4 Bxc4 21. Rxc4 Qb5 22.
Rcd4 Rxd4 23. Rxd4 Qb1+ 24. Qd1 Qxd1+ 25. Rxd1 g6 26.
Rd2 h5 27. Rc2 Ne4 28. f3 Ng3 29. Kf2 h4 30. e4 Rb1 31. Nc3 Rf1+ 32. Ke3 Re1+ 33.
Kf4 f6 34. Nd5 g5+ 35. Kg4 Kf7 36. Rc6 Re2 37. Rxf6+ Kg7 38. Ra6 Rxg2 39. Rxa7+ Kg6 40. Ra6+ Kg7 41. Kxg5 Nxe4+ 42. Kxh4 Nd2 43. Ra7+ Kg6 44.
Nf4+ Kf5 45. Nxg2 Nxf3+ 46. Kg3 Ng5 47. Nh4+ 1-0

[Event "Late-Titled-Tuesday-Blitz-July-09-2024"]
[Site "Chess.com"]
[Date "2024.07.09"]
[Round "1"]
[White "Schattman"]
[Black "KhBegmuratov"]
[Result "0-1"]
[WhiteElo "2487"]
[BlackElo "2927"]
[TimeControl "180+1"]
[EndTime "14:06:12 PDT"]
[Termination "KhBegmuratov won on time"]

1. d4 d5 2. Nf3 Nf6 3. Bf4 c5 4. e3 Nc6 5. Nbd2 Bg4 6. c3 e6 7. Qa4 Bxf3 8. Nxf3 a6 9. Ne5 Qc8 10. Nxc6 Qxc6 11. Qxc6+ bxc6 12. h3 Be7 13. Bd3 O-O 14. O-O-O Nd7 15. Bg3 f5 16. f4 a5 17. Bf2 Rab8 18.
g4 a4 19. a3 Rb7 20. Rd2 g6 21.
Rg1 Kf7 22. Bg3 Rfb8 23. Rf1 c4 24. Bc2 Rxb2 25. gxf5 exf5 26. h4 Bxa3 27. Kd1 Ra2 28. Ke2 Bb2 29. Bd1 a3 30. h5 Ra1 31. hxg6+ hxg6 32. Rh1 a2 0-1

[Event "Late-Titled-Tuesday-Blitz-July-09-2024"]
[Site "Chess.com"]
[Date "2024.07.09"]
[Round "1"]
[White "Hananmo"]
[Black "PattyCastillo"]
[Result "0-1"]
[WhiteElo "2527"]
[BlackElo "1969"]
[TimeControl "180+1"]
[EndTime "14:06:12 PDT"]
[Termination "PattyCastillo won on time"]

1. e4 c5 2. Nc3 Nc6 3. f4 g6 4. Nf3 Bg7 5. Bc4 e6 6. d3 Nge7 7. O-O d5 8. Bb3 O-O 9. Re1 Rb8 10.
Qe2 Nd4 11. Nxd4 cxd4 12. Nd1 dxe4 13. dxe4 Bd7 14. Nf2 Bc6 15. Bd2 Rc8 16. Bb4 Re8 17. Rad1 Qb6 18. Nd3 Bb5 19. Ba3 a5 20. Bxe7 Rxe7 21.
a4 Bc4 22. Bxc4 Rxc4 23. b3 Rc3 24. e5 Rec7 25. Rd2 Bh6 26. g3 Bf8 27. h4 Qc6 28.
Rc1 Ba3 0-1

[Event "Late-Titled-Tuesday-Blitz-July-09-2024"]
[Site "Chess.com"]
[Date "2024.07.09"]
[Round "1"]
[White "YEIKO2017"]
[Black "Hikaru"]
[Result "0-1"]
[WhiteElo "2521"]
[BlackElo "3211"]
[TimeControl "180+1"]
[EndTime "14:06:13 PDT"]
[Termination "Hikaru won by resignation"]

1. e4 d5 2. exd5 Qxd5 3. Nc3 Qa5 4. b4 Qxb4 5. Rb1 Qd6 6. Nf3 Nf6 7. d4 e6 8. Bd3 Be7 9. O-O O-O 10. Ne4 Qd8 11.
c4 Nbd7 12. Bf4 b6 13. Qc2 Bb7 14. Rfd1 Nxe4 15. Bxe4 Bxe4 16. Qxe4 Bd6 17. Ne5 Qe8 18. Rb3 Bxe5 19. Bxe5 Nxe5 20. dxe5 Rd8 21. Rxd8 Qxd8 22. Rd3 Qe7 23. Qd4 Qb4 24. h4 Qb1+ 25. Kh2 Qxa2 26. h5 h6 27. Rg3 Qe2 28. f3 Kh8 29. Qf4 Qd3 30. Qg4 Rg8 31. Qh4 Qf5 32. f4 a5 33.
Rf3 a4 34. Qe7 Qxh5+ 35. Kg1 Qf5 36. Qxc7 a3 37. Rxa3 Qxf4 38. Rf3 Qd4+ 39. Kh2 Qh4+ 40. Kg1 Ra8 41. Qxf7 Ra1+ 42. Rf1 Qd4+ 43. Qf2 Rxf1+ 44. Kxf1 Qxc4+ 0-1

[Event "Late-Titled-Tuesday-Blitz-July-09-2024"]
[Site "Chess.com"]
[Date "2024.07.09"]
[Round "1"]
[White "manitodeplomo"]
[Black "Nbk90"]
[Result "1-0"]
[WhiteElo "2610"]
[BlackElo "2269"]
[TimeControl "180+1"]
[EndTime "14:06:13 PDT"]
[Termination "manitodeplomo won by checkmate"]

1. d4 Nf6 2. c4 g6 3. Nc3 Bg7 4.
e4 d6 5. Be2 O-O 6. Nf3 e5 7. d5 Nbd7 8. Be3 Nh5 9. O-O f5 10.
exf5 Nf4 11. fxg6 hxg6 12. g3 Nh3+ 13. Kg2 Nf6 14. Nh4 Qe8 15. Qd2 Bd7 16. f3 Qf7 17. Bd3 Bf5 18. Bxf5 gxf5 19. Kxh3 Qh5 20. Kg2 f4 21.
Bg1 Nh7 22. Ne4 Bf6 23. Bf2 Bxh4 24. gxh4 Kf7 25. Qe2 Rg8+ 26. Kh1 Qf5 27. Rg1 Nf6 28. Rxg8 Rxg8 29. Rg1 Qh3 30. Ng5+ Rxg5 31. hxg5 e4 32. gxf6 exf3 33. Qe7# 1-0

[Event "Late-Titled-Tuesday-Blitz-July-09-2024"]
[Site "Chess.com"]
[Date "2024.07.09"]
[Round "1"]
[White "Richardmaster"]
[Black "baki83"]
[Result "0-1"]
[WhiteElo "2436"]
[BlackElo "2824"]
[TimeControl "180+1"]
[EndTime "14:06:14 PDT"]
[Termination "baki83 won by resignation"]

1. e4 c5 2. Nf3 d6 3. Nc3 Nf6 4. e5 dxe5 5. Nxe5 a6 6. g3 Qd6 7. Nf3 Nc6 8. d3 e5 9. Bg2 Bg4 10.
h3 Bh5 11. Be3 Be7 12. O-O O-O 13. g4 Bg6 14. Nd2 Qc7 15. a4 Rad8 16. Nc4 e4 17. g5 exd3 18. gxf6 dxc2 19. Qg4 Bxf6 20. Nd5 Rxd5 21. Bxd5 Nb4 22. Be4 b5 23. axb5 axb5 24. Bxg6 hxg6 25. Qg3 Qxg3+ 26. fxg3 bxc4 27. Bxc5 Rb8 28.
Bxb4 Rxb4 29. Rac1 Rxb2 30. Kg2 Bg5 31. Kf3 Bxc1 32. Rxc1 f5 33. Ke2 Kf7 34. Kd2 Rb3 35. g4 Rxh3 36. gxf5 gxf5 37. Kxc2 Kf6 0-1

[Event "Late-Titled-Tuesday-Blitz-July-09-2024"]
[Site "Chess.com"]
[Date "2024.07.09"]
[Round "1"]
[White "grzechu96"]
[Black "Veleamater"]
[Result "1-0"]
[WhiteElo "2800"]
[BlackElo "2431"]
[TimeControl "180+1"]
[EndTime "14:06:14 PDT"]
[Termination "grzechu96 won by checkmate"]

1. e4 d6 2. d4 g6 3. Nf3 Bg7 4.
Be3 Nf6 5. Nc3 O-O 6. Qd2 Nc6 7. d5 Ne5 8. Nxe5 dxe5 9. Bc4 Ne8 10. f3 Nd6 11.
Bb3 f5 12. O-O-O f4 13. Bf2 a6 14. h4 h6 15. Kb1 Kh7 16. Ne2 b5 17. Nc1 Bd7 18. Nd3 a5 19. a3 a4 20. Ba2 Rb8 21.
Bc5 Qe8 22. Bb4 Nf7 23. Qc3 Qd8 24. Qc5 Nd6 25. Bc3 Nf7 26. Nb4 Nd6 27. Nc6 Qe8 28.
Nxe5 b4 29. axb4 Nb5 30. Nc6 Nxc3+ 31. bxc3 Bxc6 32. dxc6 Rf6 33. Rd7 Rd6 34. Rd1 Rb6 35. R1xd6 exd6 36. Qc4 Qe5 37. Rxc7 Qxc3 38. Qg8# 1-0

[Event "Late-Titled-Tuesday-Blitz-July-09-2024"]
[Site "Chess.com"]
[Date "2024.07.09"]
[Round "1"]
[White "vladjianu"]
[Black "chessuriel"]
[Result "1-0"]
[WhiteElo "2635"]
[BlackElo "2298"]
[TimeControl "180+1"]
[EndTime "14:06:14 PDT"]
[Termination "vladjianu won by resignation"]

1. d4 Nf6 2. c4 g6 3. Nc3 Bg7 4.
e4 d6 5. h3 O-O 6. Be3 e5 7.
d5 Na6 8. g4 Nd7 9. Nge2 Bf6 10. Qd2 Bh4 11. O-O-O Nb6 12. Ng3 Nc5 13. Kb1 a5 14.
Rg1 a4 15. Be2 Kh8 16. f4 exf4 17. Bxf4 Bf6 18. h4 a3 19. b3 Qe7 20. Nb5 Nxe4 21. Nxe4 Qxe4+ 22. Bd3 Qe7 23. Rde1 Qd8 24. h5 Bd7 25. Nc3 Bd4 26. Bc2 Bc5 27. hxg6 fxg6 28. Bg5 Qc8 29. Rh1 Bxg4 30. Re7 1-0

[Event "Late-Titled-Tuesday-Blitz-July-09-2024"]
[Site "Chess.com"]
[Date "2024.07.09"]
[Round "1"]
[White "ChessLover0108"]
[Black "ninjatrick"]
[Result "1-0"]
[WhiteElo "2938"]
[BlackElo "2493"]
[TimeControl "180+1"]
[EndTime "14:06:15 PDT"]
[Termination "ChessLover0108 won by checkmate"]

1. d4 d5 2. Nf3 Nf6 3. c4 e6 4. e3 c6 5. Bd3 Nbd7 6. b3 Bb4+ 7. Nbd2 Bc3 8. Rb1 O-O 9. Qc2 Bb4 10. O-O Bd6 11. e4 dxe4 12. Nxe4 Nxe4 13. Bxe4 Nf6 14. Bd3 b6 15. Bb2 Bb7 16. Rbd1 Qe7 17. Rfe1 h6 18.
Ne5 c5 19. d5 Bxe5 20. Rxe5 Nd7 21. Re3 Rad8 22. Rde1 Nf6 23. Qc3 Qd6 24. Rg3 e5 25. Rxe5 Kh8 26. Rxg7 Kxg7 27. Rf5 Kg8 28. Rxf6 Qe7 29.
h3 Rde8 30. Rg6+ fxg6 31. Qh8+ Kf7 32. Qg7# 1-0

[Event "Late-Titled-Tuesday-Blitz-July-09-2024"]
[Site "Chess.com"]
[Date "2024.07.09"]
[Round "1"]
[White "Franmu14"]
[Black "JunjiCol"]
[Result "0-1"]
[WhiteElo "2706"]
[BlackElo "2415"]
[TimeControl "180+1"]
[EndTime "14:06:16 PDT"]
[Termination "JunjiCol won by resignation"]

1. e4 e5 2. Nc3 Bc5 3. Nf3 d6 4. d4 exd4 5. Nxd4 Nf6 6. Bg5 h6 7. Bh4 O-O 8. Qd3 Nc6 9. Nxc6 bxc6 10. O-O-O Qe7 11. Kb1 Rb8 12. Ka1 Qe5 13. Bg3 Qe7 14. f4 Ng4 15. Be2 Ne3 16. Rb1 Ba6 17. Qd2 Bxe2 18. Qxe2 Bd4 19. Be1 Bxc3 20. Bxc3 Qxe4 21. Rbc1 Rfe8 22. Rhe1 Qxg2 23. Qd3 Qe4 24. Rg1 g6 25. Qd2 Nd5 26. f5 Qxf5 27. Bd4 Qf4 28. Qd3 Nb4 29.
Rxg6+ Kf8 30. Bg7+ Ke7 31. Re1+ Kd7 32. Qh3+ f5 33.
Rxe8 Rxe8 34. Rg1 Nxc2+ 35. Kb1 Qe4 36. Qg2 Na3+ 37. Ka1 Qxg2 0-1

[Event "Late-Titled-Tuesday-Blitz-July-09-2024"]
[Site "Chess.com"]
[Date "2024.07.09"]
[Round "1"]
[White "urano56"]
[Black "NikitaShnadrygin"]
[Result "1-0"]
[WhiteElo "2415"]
[BlackElo "2706"]
[TimeControl "180+1"]
[EndTime "14:06:16 PDT"]
[Termination "urano56 won by resignation"]

1. Nf3 Nf6 2. d4 g6 3. c4 Bg7 4. Nc3 d5 5. cxd5 Nxd5 6. e4 Nxc3 7. bxc3 c5 8. Be3 cxd4 9. cxd4 Bg4 10. Rc1 Qa5+ 11.
Qd2 Qxd2+ 12. Nxd2 O-O 13. Bc4 Nc6 14. f3 Bd7 15. d5 Ne5 16. Be2 Rac8 17. O-O a6 18. Nb3 Bb5 19. Bxb5 axb5 20. Bc5 Nd3 21. Bxe7 Nxc1 22.
Bxf8 Ne2+ 23. Kf2 Rc2 24. Bxg7 Nf4+ 25. Kg3 Nh5+ 26. Kh3 Kxg7 27. g3 Rxa2 28. d6 Nf6 29. e5 Nd7 30. f4 b4 31. Rc1 Rb2 32. Nc5 Nxc5 33. Rxc5 Rd2 34. Rb5 Rd4 35. Rxb7 Kf8 36. Kg4 h6 37. h4 Ke8 38. h5 gxh5+ 39. Kxh5 Rd3 40. Kg4 h5+ 41. Kh4 b3 42. Re7+ Kf8 43. Rb7 Ke8 44. g4 hxg4 45. Kxg4 Kf8 46. Kf5 Ke8 47.
Kf6 Rf3 48. f5 Kd8 49. Rxf7 1-0

[Event "Late-Titled-Tuesday-Blitz-July-09-2024"]
[Site "Chess.com"]
[Date "2024.07.09"]
[Round "1"]
[White "TheMagician"]
[Black "ReinisUz"]
[Result "1/2-1/2"]
[WhiteElo "2110"]
[BlackElo "2547"]
[TimeControl "180+1"]
[EndTime "14:06:16 PDT"]
[Termination "Game drawn by repetition"]

1. e4 c5 2. Nf3 d6 3. d4 cxd4 4. Nxd4 Nf6 5. Nc3 g6 6. Be2 Nc6 7. Be3 Bg7 8. O-O O-O 9. Qd2 Ng4 10. Bxg4 Bxg4 11. Nxc6 bxc6 12. Bh6 Qb6 13. Bxg7 Kxg7 14. Na4 Qb5 15. b3 Be6 16. c4 Qe5 17. Rae1 c5 18. f4 Qh5 19. e5 Rad8 20. Qf2 Bd7 21. exd6 exd6 22. Nc3 Bc6 23. Re7 Rde8 24. Rfe1 Rxe7 25.
Rxe7 Re8 26. Rxe8 Bxe8 27. Nd5 Qd1+ 28. Qf1 Qd4+ 29. Qf2 Qa1+ 30. Qf1 Qxa2 31. Qc1 Bc6 32. Qc3+ Kh6 33. Qh3+ Kg7 34. Qc3+ Kh6 35. Qh3+ Kg7 36.
Qc3+ 1/2-1/2

[Event "Late-Titled-Tuesday-Blitz-July-09-2024"]
[Site "Chess.com"]
[Date "2024.07.09"]
[Round "1"]
[White "SuanTiltado"]
[Black "CarlosjPineror"]
[Result "0-1"]
[WhiteElo "2364"]
[BlackElo "2680"]
[TimeControl "180+1"]
[EndTime "14:06:23 PDT"]
[Termination "CarlosjPineror won on time"]

1. d4 Nf6 2. c4 d6 3. Nf3 g6 4. Nc3 Bf5 5. Nh4 Bd7 6. e4 Bg7 7. Be2 O-O 8. O-O e5 9. Nf3 Nc6 10. d5 Ne7 11. b4 Ne8 12. a4 a5 13. bxa5 Rxa5 14. Nd2 f5 15. Nb3 Ra8 16. c5 Nf6 17.
f3 f4 18. cxd6 cxd6 19. Nb5 g5 20. Kh1 Ne8 21. Ba3 Rf6 22. Nd2 Ng6 23. Nc4 Bf8 24. Rb1 h5 25. a5 Nh8 26. Nb6 Rxa5 27. Nxd7 Qxd7 28. Qd2 Ra8 29. Rfc1 Nf7 30. Qb2 g4 31.
Bb4 Rg6 32. Bf1 Ng5 33. Rc2 Qg7 34. Be2 gxf3 35. Bxf3 h4 36. Rd2 h3 37. Rf2 hxg2+ 38. Bxg2 Nf6 39. Qc2 Ng4 40. Nxd6 Bxd6 41. Bxd6 Nxf2+ 42. Qxf2 Rxd6 43. Rc1 f3 44. Bxf3 Rf8 45. Rg1 Rxf3 0-1

[Event "Late-Titled-Tuesday-Blitz-July-09-2024"]
[Site "Chess.com"]
[Date "2024.07.09"]
[Round "1"]
[White "praveenb2002"]
[Black "ChessLebaneseSalah"]
[Result "1-0"]
[WhiteElo "2845"]
[BlackElo "2455"]
[TimeControl "180+1"]
[EndTime "14:06:24 PDT"]
[Termination "praveenb2002 won on time"]

1. c4 Nf6 2. Nc3 e6 3. e4 Nc6 4.
d4 Bb4 5. e5 Ne4 6. Qd3 d5 7.
a3 Bxc3+ 8. bxc3 O-O 9. Ne2 f6 10. f3 fxe5 11. fxe4 exd4 12. cxd4 Qh4+ 13. Ng3 Bd7 14.
Be3 Rae8 15. cxd5 exd5 16. e5 Bg4 17. Be2 Bf5 18. Qc3 Kh8 19. O-O-O Bg6 20. Bf3 Ne7 21.
Qd2 h6 22. Kb2 c5 23. dxc5 Rd8 24. Qd4 Qxd4+ 25. Bxd4 Nc6 26. Rhe1 Rfe8 27. e6 Re7 28. Be5 Rde8 29. Bxd5 1-0

[Event "Late-Titled-Tuesday-Blitz-July-09-2024"]
[Site "Chess.com"]
[Date "2024.07.09"]
[Round "1"]
[White "rychessmaster1"]
[Black "Narek_Ghimoyan"]
[Result "0-1"]
[WhiteElo "2845"]
[BlackElo "2475"]
[TimeControl "180+1"]
[EndTime "14:06:29 PDT"]
[Termination "Narek_Ghimoyan won by resignation"]

1. d4 Nf6 2. c4 e6 3. Nf3 b6 4. g3 Bb7 5. Bg2 Be7 6. O-O O-O 7. Nc3 d5 8. cxd5 Nxd5 9. Nxd5 Bxd5 10. Qc2 f5 11.
Bf4 Nc6 12. Rfd1 Bf6 13. Ne5 Bxg2 14. Kxg2 Qd5+ 15. f3 Nxd4 16. Qxc7 Rac8 17. Qd7 Rfd8 18. Qf7+ Kh8 19. e3 Rc2+ 20. Kh3 Bxe5 21. Bxe5 Qxe5 22. Rxd4 Rg8 23. Re1 Rxb2 24. Rh4 Qf6 25. Qxa7 h6 26. Rd1 g5 27. Rd7 Qg6 28. Qc7 g4+ 0-1

[Event "Late-Titled-Tuesday-Blitz-July-09-2024"]
[Site "Chess.com"]
[Date "2024.07.09"]
[Round "1"]
[White "petr577"]
[Black "krzyzan94"]
[Result "0-1"]
[WhiteElo "2417"]
[BlackElo "2760"]
[TimeControl "180+1"]
[EndTime "14:06:29 PDT"]
[Termination "krzyzan94 won by resignation"]

1. d4 Nf6 2. c4 g6 3. Nc3 Bg7 4. e4 O-O 5. f4 c5 6. d5 d6 7. Nf3 e6 8. dxe6 fxe6 9. Bd3 Nc6 10. O-O Qe7 11. Bd2 Bd7 12. Qe1 Nh5 13. Ng5 Nd4 14.
Kh1 Rae8 15. g4 Nf6 16. Qh4 h6 17. Nf3 Nxf3 18. Rxf3 Bc6 19. Re1 Nd7 20. Qh3 a6 21. Nd5 Qf7 22. Bc3 exd5 23. exd5 Rxe1+ 24. Bxe1 Bxd5 25. cxd5 Qxd5 26. Qf1 b5 27. Bxg6 Ne5 28. fxe5 Rxf3 29. Bh7+ 0-1

[Event "Late-Titled-Tuesday-Blitz-July-09-2024"]
[Site "Chess.com"]
[Date "2024.07.09"]
[Round "1"]
[White "m_ezat"]
[Black "talaicito"]
[Result "1-0"]
[WhiteElo "2648"]
[BlackElo "2321"]
[TimeControl "180+1"]
[EndTime "14:06:30 PDT"]
[Termination "m_ezat won on time"]

1. d4 e6 2. c4 f5 3. Nc3 Nf6 4. e3 Bb4 5. Bd3 b6 6. Qc2 Bb7 7. f3 O-O 8. Ne2 a5 9. O-O Na6 10. a3 Bd6 11. Bd2 Qe8 12. Nb5 Be7 13. b4 a4 14. e4 Qh5 15. exf5 exf5 16. Ng3 Qf7 17.
Nxf5 Bd8 18. Nbd6 cxd6 19. Nxd6 Qh5 20. Nxb7 Bc7 21. g3 Ra7 22. c5 Nb8 23. cxb6 Bxb6 24. Nc5 Nc6 25. Bc3 Nd5 26. Rae1 Rc7 27. Bc4 Kh8 28.
Ba1 d6 29. Ne6 Nxd4 30. Nxd4 Rcf7 31. Qg2 1-0